 Dungeon Crawl Stone Soup version 0.17.0-28-g6e173f8 (webtiles) character file.

382683 juilesy the Tortoise (level 21, -63/206 HPs)
             Began as a Deep Dwarf Fighter on Nov 25, 2015.
             Was the Champion of Makhleb.
             Annihilated by a juggernaut (92 damage)
             ... on level 5 of the Depths on Nov 26, 2015.
             The game lasted 06:59:11 (48397 turns).

juilesy the Tortoise (Deep Dwarf Fighter)          Turns: 48397, Time: 06:59:11

Health: -63/206    AC: 35    Str: 28    XL:     21   Next: 93%
Magic:  0/3        EV:  5    Int: 11    God:    Makhleb [******]
Gold:   3123       SH:  0    Dex: 20    Spells: 5 memorised, 8 levels left

rFire  + + .     SeeInvis .     L - +9 lajatang (vamp)
rCold  + + +     Clarity  .     B - +5 gold dragon armour
rNeg   + + .     SustAt   .     (shield currently unavailable)
rPois  +         Gourm    .     a - +0 hat of Trog's Anger {*Contam rC+ MR++ rCorr}
rElec  +         Spirit   .     u - +1 cloak {rPois}
rCorr  +         Warding  .     l - +2 pair of fencer's gloves {LBl+4 SBl+4 EV+3 Dex+6}
rMut   +         Stasis   .     o - +0 pair of boots of the Dice {+Blink rC+ Dex+2}
MR     +++++                    V - amulet of resist mutation
Stlth  ..........               J - ring "Sixkuv" {rElec rF+ Slay+3}
                                F - ring of positive energy

@: non-regenerating, almost entirely resistant to hostile enchantments,
extremely unstealthy
A: damage resistance, recharge devices, negative energy resistance 1, sense
surroundings 3, slow regeneration 3
a: Device Recharging, Minor Destruction, Lesser Servant of Makhleb, Major
Destruction, Greater Servant of Makhleb, Renounce Religion, Evoke Blink
}: 2/15 runes: barnacled, gossamer


You were on level 5 of the Depths.
You worshipped Makhleb.
Makhleb was exalted by your worship.
You were not hungry.

You visited 8 branches of the dungeon, and saw 44 of its levels.
You also visited: Ice Cave.

You collected 5676 gold pieces.
You spent 2553 gold pieces at shops.

Inventory:

Hand Weapons
 z - a +7 quick blade
 L - a +9 vampiric lajatang (weapon)
 P - the +2 hand crossbow of Pefywkub {penet, rC- rN+ Str+3 Dex+4 Stlth-}
   (You found it on level 3 of the Elven Halls)

   Ammo fired by it will pass through the targets it hits, potentially hitting
   all targets in its path until it reaches maximum range.
   It affects your strength (+3).
   It affects your dexterity (+4).
   It makes you vulnerable to cold.
   It protects you from negative energy.
   It makes you less stealthy.
Missiles
 g - 19 bolts of frost
 k - 20 bolts of flame
 s - 31 bolts of penetration
 v - 191 bolts
 D - 14 javelins of penetration (quivered)
 W - 34 silver bolts
Armour
 a - the +0 hat of Trog's Anger (worn) {*Contam rC+ MR++ rCorr}
   (You acquired it on level 4 of the Lair of Beasts)

   It protects you from cold.
   It affects your resistance to hostile enchantments.
   It causes magical contamination when unequipped.
   It protects you from acid and corrosion.
 l - the +2 pair of fencer's gloves (worn) {LBl+4 SBl+4 EV+3 Dex+6}
   (You found it on level 4 of the Spider Nest)

   It affects your evasion (+3).
   It affects your dexterity (+6).
 m - the +8 plate armour "Susk" {rF+ Regen+ Stlth-}
   (You found it on level 3 of the Shoals)

   It protects you from fire.
   It increases your rate of regeneration.
   It makes you less stealthy.
 o - the +0 pair of boots of the Dice (worn) {+Blink rC+ Dex+2}
   (You found it on level 7 of the Lair of Beasts)

   It affects your dexterity (+2).
   It protects you from cold.
   It lets you blink.
 u - a +1 cloak of poison resistance (worn)
 B - a +5 gold dragon armour (worn)
 C - a +0 fire dragon armour {Xtahua}
 E - a storm dragon hide
 N - the cursed +0 buckler "Xiahilula" {Int+2 Dex+2}
   (You found it on level 3 of the Depths)

   It affects your intelligence (+2).
   It affects your dexterity (+2).
   It has a curse placed upon it.
Jewellery
 j - an uncursed ring of see invisible
 n - an uncursed amulet of guardian spirit
 F - a ring of positive energy (left hand)
 I - an uncursed amulet of clarity
 J - the ring "Sixkuv" (right hand) {rElec rF+ Slay+3}
   (You found it on level 4 of the Shoals)

   [ring of protection from fire]

   It affects your accuracy and damage with ranged weapons and melee attacks
   (+3).
   It protects you from fire.
   It insulates you from electricity.
 V - an amulet of resist mutation (around neck)
Wands
 b - a wand of teleportation (4)
 d - a wand of teleportation (1)
 e - a wand of heal wounds (0)
 H - a wand of hasting (1)
 Q - a wand of heal wounds (2)
Scrolls
 h - 2 scrolls of magic mapping
 p - a scroll of holy word
 q - 8 scrolls of remove curse
 r - a scroll of fog
 y - a scroll of enchant weapon
 A - 2 scrolls of fear
 K - 13 scrolls of teleportation
 R - a scroll of identify
Potions
 t - 3 potions of agility
 w - a potion of curing
 G - 3 potions of heal wounds
 M - 3 potions of berserk rage
 O - 3 potions of resistance
 S - 3 potions of cancellation
 U - a potion of haste
 Y - 3 potions of flight
Books
 c - the Almanac of Damage Dealing and Feathers
   (You found it on level 4 of the Depths)

   Spells                             Type                      Level
   a - Mephitic Cloud                 Conjuration/Poison/Air       3
   b - Lightning Bolt                 Conjuration/Air              5
   c - Conjure Ball Lightning         Conjuration/Air              6
 x - a book of Beasts

   Spells                             Type                      Level
   a - Summon Butterflies             Summoning                    1
   b - Call Canine Familiar           Summoning                    3
   c - Summon Ice Beast               Ice/Summoning                4
   d - Summon Mana Viper              Hexes/Summoning              5
   e - Summon Hydra                   Summoning                    7
Miscellaneous
 T - 2 phantom mirrors
Comestibles
 f - 8 bread rations
 i - 12 meat rations


   Skills:
 + Level 16.5 Fighting
   Level 13.2(17.2) Long Blades
   Level 3.6(13.4) Maces & Flails
 + Level 17.8(17.9) Staves
 - Level 10.0 Crossbows
 + Level 18.1 Armour
 - Level 14.8 Shields
 - Level 13.1 Invocations
 * Level 13.8 Evocations


You had 8 spell levels left.
You knew the following spells:

 Your Spells              Type           Power        Failure   Level  Hunger
a - Phase Shift           Tloc           #.........   100%        5    ######.
b - Corpse Rot            Necr           N/A          100%        2    ###....
c - Summon Butterflies    Summ           #.......     100%        1    ##.....
d - Apportation           Tloc           #.........   100%        1    ##.....
e - Vampiric Draining     Necr           #.........   100%        3    ####...


Dungeon Overview and Level Annotations

Branches:
Dungeon (15/15)            Temple (1/1) D:4            Lair (8/8) D:9
 Shoals (4/4) Lair:3       Spider (4/4) Lair:4        Slime (0/6) Lair:8
    Orc (4/4) D:10            Elf (3/3) Orc:4        Vaults (0/5) D:13
 Depths (5/5) D:15
    Zot: Depths:5

Altars:
Ashenzari
Cheibriados
Dithmenos
Elyvilon
Fedhas
Gozag
Kikubaaqudgha
Makhleb
Nemelex Xobeh
Okawaru
Qazlal
Ru
Sif Muna
Trog
Vehumet
Xom
Yredelemnul
Zin
The Shining One
Beogh
Lugonu

Shops:
D:10 [*(![   D:12 ?   D:15 *   Orc:4 }![!   Elf:3 :   Shoals:2 :[   Depths:4 *

Portals:
Hell: Depths:1 Depths:2 Depths:3 Depths:4
Abyss: D:15 Depths:2 Depths:3 Depths:4
Pandemonium: Depths:2 Depths:3
Ziggurat: Depths:3

Annotations:
Depths:4 8 runed doors


Innate Abilities, Weirdness & Mutations

You are resistant to damage.
You can recharge devices by infusing magical energy.
You resist negative energy.
You passively map a large area around you.
You do not regenerate naturally.


Message History

Evoke which item? (* to show all) (? for menu, Esc to quit)
Zapping:
Q - a wand of heal wounds (3)
Press: ? - help, Shift-Dir - straight line, f - you You feel much better.
This wand has 2 charges left.
The golden dragon breathes cold at you. The bolt of cold hits you! You resist.
* * * LOW HITPOINT WARNING * * *
The spriggan berserker hits you with a hand axe.
* * * LOW HITPOINT WARNING * * *
You blink.
You feel slightly more hungry.
You blink.
You feel slightly more hungry.
You open the door.
There is an open door here.
The golden dragon breathes fire at you. The bolt of fire hits you! You resist.
* * * LOW HITPOINT WARNING * * *
The spriggan berserker prays to Trog.
There is a stone staircase leading up, spattered with blood here.
The juggernaut hits you!!!!
You die...

####### ##.)@..## **
#...C...# *### *
#....D..# #.(##
####'###)######...( ,, ,
#...........##... , , *
#.....#.C..i..#'## *,,
.............#....i#,
,+.......#....^.....ยง+,
* * **
............#......####


You could see a juggernaut, a golden dragon and a spriggan berserker.

Vanquished Creatures
  3 juggernauts (Depths:2)
  2 caustic shrikes
  A golden dragon (Depths:3)
  Xtahua (Depths:4)
  Jorgrun (Shoals:4)
  A tentacled monstrosity (Depths:3)
  2 liches
  A quicksilver dragon (Depths:4)
  Asterion (Spider:4)
  2 deep elf blademasters (Elf:3)
  A titan (Depths:3)
  A deep elf master archer (Elf:3)
  Polyphemus (Shoals:4)
  Gastronok (D:10)
  A shadow dragon (Depths:2)
  2 tengu reavers (Depths:3)
  3 storm dragons
  Ilsuiw (Shoals:4)
  7 deep elf sorcerers (Elf:3)
  4 ghost moths
  An iron dragon (Depths:2)
  5 emperor scorpions
  A cacodemon (Depths:2)
  An orc warlord (Orc:3)
  3 fire giants
  13 frost giants
  2 spriggan defenders
  15 very ugly things
  8 deep elf demonologists
  14 stone giants
  2 vampire knights
  2 large abominations
  14 deep elf annihilators
  3 merfolk javelineers (Shoals:4)
  A fire dragon (shapeshifter) (Depths:2)
  3 deep elf death magi (Elf:3)
  4 ettins
  5 vault guards
  9 merfolk impalers
  8 fire dragons
  5 yaktaur captains
  Josephine (Orc:3)
  5 rakshasas
  4 ogre magi
  A hydra (Lair:1)
  14 great orbs of eyes
  5 deep elf high priests
  9 ice dragons
  Harold (Lair:2)
  6 entropy weavers
  Erolcha (Orc:1)
  A catoblepas (Shoals:4)
  An alligator (shapeshifter) (D:14)
  3 merfolk avatars
  Erica (Lair:2)
  5 centaur warriors
  4 alligator snapping turtles
  6 merfolk aquamancers
  A spriggan air mage (Depths:3)
  7 deep troll shamans
  A queen ant (Lair:5)
  6 dancing weapons (Elf:2)
  18 death yaks
  A satyr (Shoals:4)
  8 deep troll earth magi
  6 spriggan berserkers
  A vampire mage (Depths:2)
  5 tengu warriors
  A soul eater (Depths:2)
  2 spriggans (Depths:2)
  A shock serpent (shapeshifter) (Depths:3)
  Sonja (D:10)
  2 iron trolls (Depths:3)
  10 sea snakes
  A sea snake (shapeshifter) (Depths:2)
  11 deep elf knights
  A spriggan druid (Elf:2)
  6 deep elf summoners
  12 deep trolls
  2 flayed ghosts (Depths:2)
  An infernal demonspawn (Depths:2)
  5 unseen horrors
  2 giant orange brains (Depths:4)
  A necromancer (Depths:3)
  11 harpies
  9 orb spiders
  An orb spider (shapeshifter) (Depths:4)
  6 orc sorcerers
  9 hornets
  37 ugly things
  18 wolf spiders
  14 manticores
  A frost giant zombie (Depths:3)
  8 deep elf conjurers
  A fire giant zombie (Depths:3)
  A salamander (shapeshifter) (Elf:1)
  7 hill giants
  4 fauns
  9 griffons
  An iron dragon skeleton (Depths:3)
  4 cyclopes
  5 water nymphs
  A moth of wrath (shapeshifter) (Depths:1)
  A rust devil (Depths:2)
  A centaur zombie (D:15)
  A guardian serpent (Lair:8)
  4 sirens
  6 elephants (Lair:5)
  Joseph (D:8)
  14 black mambas
  2 gargoyles (D:12)
  An ice statue (IceCv)
  2 torpor snails
  19 spiny frogs
  11 komodo dragons
  4 demonic crawlers
  13 yaktaurs
  A kobold demonologist (D:12)
  A tengu conjurer (Depths:4)
  9 deep elf priests
  7 trolls
  A queen bee (shapeshifter) (D:14)
  The ghost of Olekman the Poker, an amateur NaGl (D:4)
  A fire drake (Lair:4)
  A sphinx simulacrum (Depths:3)
  31 merfolk
  20 polar bears
  22 jumping spiders
  A troll (shapeshifter) (D:13)
  9 two-headed ogres
  3 snapping turtles
  3 wind drakes
  A trapdoor spider zombie (D:10)
  3 blink frogs (Lair:7)
  9 slime creatures
  A shadow (D:13)
  5 wyverns
  44 redbacks
  23 deep elf fighters
  15 tarantellas
  2 wraiths
  64 yaks
  A centaur simulacrum (D:15)
  25 trapdoor spiders
  27 deep elf magi
  11 hippogriffs
  A yak (shapeshifter) (Depths:4)
  5 vampire mosquitoes (D:14)
  Eustachio (D:5)
  10 water elementals
  11 basilisks
  A neqoxec (Depths:2)
  30 wolves
  2 steam dragons
  A hungry ghost (D:14)
  A hippogriff (shapeshifter) (Depths:4)
  2 wargs (Orc:2)
  Edmund (D:5)
  A naga (Depths:4)
  30 water moccasins
  6 sky beasts
  12 ice beasts
  11 porcupines
  6 black bears
  15 soldier ants
  15 orc warriors
  38 spiders
  3 necrophages
  8 wasps
  12 ogres
  A phantom (D:14)
  2 eyes of draining
  10 boggarts
  13 crocodiles
  2 big kobolds
  Blork the orc (D:5)
  8 centaurs
  2 brain worms (D:13)
  16 giant frogs
  A wyvern skeleton (D:10)
  2 scorpions (D:13)
  26 killer bees
  4 wights (D:12)
  4 giant frog zombies
  25 orc priests
  4 giant frog skeletons
  8 hounds
  6 jellies
  8 crimson imps
  3 centaur skeletons
  10 iguanas
  33 worker ants
  37 orc wizards
  29 sheep
  3 worker ant zombies
  15 adders
  39 river rats
  7 gnolls
  5 shadow imps
  A white imp (Depths:1)
  3 oozes
  A worm (D:6)
  An adder skeleton (D:3)
  3 giant geckos
  144 orcs
  4 bats (D:1)
  7 giant cockroaches
  15 hobgoblins
  19 jackals
  5 quokkas
  3 ball pythons
  A giant gecko zombie (D:6)
  6 giant newts
  14 goblins
  2 jackal skeletons (D:6)
  3 jackal zombies
  11 kobolds
  8 rats
  A crawling corpse (Elf:3)
1705 creatures vanquished.

Vanquished Creatures (collateral kills)
  Nikola (Spider:4)
  Arachne (Spider:3)
  A deep elf blademaster (Elf:2)
  Kirke (Shoals:1)
  Donald (Shoals:1)
  Louise (Shoals:4)
  An emperor scorpion (Spider:1)
  A ghost moth (Spider:4)
  An ettin (Depths:3)
  A deep elf death mage (Elf:3)
  A merfolk impaler (Lair:3)
  A hydra (Lair:8)
  2 entropy weavers (Spider:3)
  A merfolk aquamancer (Shoals:1)
  9 dancing weapons (Elf:2)
  2 ogre magi (Orc:4)
  3 deep elf knights (Elf:2)
  A sea snake (Shoals:1)
  4 harpies (Shoals:1)
  An orc knight (Orc:4)
  5 wolf spiders
  4 orc sorcerers (Orc:4)
  2 deep elf conjurers (Elf:2)
  9 orb spiders
  A manticore (Shoals:4)
  A faun (Shoals:1)
  2 hornets
  4 sirens (Shoals:1)
  A komodo dragon (Lair:8)
  A red devil (D:15)
  4 deep elf priests (Elf:2)
  5 merfolk
  6 jumping spiders
  A troll (Orc:4)
  4 snapping turtles
  7 redbacks
  5 tarantellas
  6 trapdoor spiders
  2 hogs (Shoals:1)
  4 wraiths (Orc:3)
  A water elemental (Shoals:1)
  6 deep elf fighters (Elf:2)
  5 spiders
  An ogre (Orc:4)
  4 orc warriors
  A scorpion (D:9)
  3 orc priests
  10 orc wizards
  17 orcs
  A bush (Lair:8)
  3 fungi (Lair:8)
161 creatures vanquished.

Vanquished Creatures (others)
  A deep elf priest (Elf:1)
  A deep elf mage (Elf:2)
  A human (Shoals:1)
  A deep elf fighter (Elf:1)
  An orc wizard (Orc:4)
  An orc priest (Orc:3)
  4 orcs (Orc:1)
  3 bushes
  34 fungi
  21 plants
68 creatures vanquished.

Grand Total: 1934 creatures vanquished

Notes
Turn   | Place    | Note
--------------------------------------------------------------
     0 | D:1      | juilesy the Deep Dwarf Fighter began the quest for the Orb.
     0 | D:1      | Reached XP level 1. HP: 20/20 MP: 1/1
   154 | D:1      | Reached XP level 2. HP: 27/27 MP: 2/2
   290 | D:1      | Reached XP level 3. HP: 30/34 MP: 3/3
   942 | D:2      | Found a deep blue altar of Sif Muna.
   945 | D:2      | Reached XP level 4. HP: 37/42 MP: 4/4
  1229 | D:2      | Reached skill level 4 in Armour
  2348 | D:3      | Reached XP level 5. HP: 18/50 MP: 5/5
  2943 | D:4      | Reached XP level 6. HP: 33/57 MP: 6/6
  3013 | D:4      | Got a twisted long sword
  3014 | D:4      | Identified the cursed +3 long sword of the Grave {elec, rPois MP+9 Int+4} (You found it on level 4 of the Dungeon)
  3196 | D:4      | Noticed Olekman's ghost (amateur NaGl)
  3222 | D:4      | Killed Olekman's ghost
  3248 | D:4      | Found a staircase to the Ecumenical Temple.
  3258 | Temple   | Entered the Ecumenical Temple
  3412 | Temple   | Became a worshipper of Makhleb the Destroyer
  3508 | D:4      | Reached XP level 7. HP: 47/63 MP: 7/7
  3513 | D:4      | Reached skill level 5 in Shields
  3658 | D:4      | Reached * piety under Makhleb
  3960 | D:5      | Entered Level 5 of the Dungeon
  4162 | D:5      | Reached skill level 5 in Armour
  4240 | D:5      | Noticed Eustachio
  4251 | D:5      | Noticed Edmund
  4267 | D:5      | Killed Edmund
  4283 | D:5      | Killed Eustachio
  4283 | D:5      | Reached XP level 8. HP: 49/73 MP: 7/7
  4422 | D:5      | Noticed Blork the orc
  4435 | D:5      | Killed Blork the orc
  4435 | D:5      | Reached skill level 5 in Long Blades
  4435 | D:5      | Reached skill level 6 in Shields
  4685 | D:6      | Reached skill level 5 in Fighting
  4774 | D:6      | Reached ** piety under Makhleb
  5311 | D:7      | Gained mutation: You passively map the area around you. [Deep Dwarf growth]
  5311 | D:7      | Reached XP level 9. HP: 72/82 MP: 8/8
  5339 | D:7      | Reached skill level 7 in Shields
  5364 | D:7      | Reached *** piety under Makhleb
  5715 | D:7      | Reached skill level 1 in Invocations
  6101 | D:8      | Reached **** piety under Makhleb
  6243 | D:8      | Noticed Joseph
  6267 | D:8      | Killed Joseph
  6267 | D:8      | Reached skill level 8 in Shields
  6335 | D:8      | Reached XP level 10. HP: 74/92 MP: 12/12
  6718 | D:9      | Reached skill level 5 in Invocations
  6944 | D:9      | Reached ***** piety under Makhleb
  7098 | D:9      | Got a faintly glowing lapis lazuli ring
  7100 | D:9      | Identified the ring "Rynwusil" {Int+3 Dex+3} (You found it on level 9 of the Dungeon)
  7116 | D:9      | Found a staircase to the Lair.
  7390 | Lair:1   | Entered Level 1 of the Lair of Beasts
  7437 | Lair:1   | Reached skill level 9 in Shields
  7465 | Lair:1   | Noticed a four-headed hydra
  7482 | Lair:1   | Killed a 14-headed hydra
  7482 | Lair:1   | Reached XP level 11. HP: 47/103 MP: 15/15
  8167 | Lair:1   | Learned a level 5 spell: Phase Shift
  8465 | Lair:2   | Noticed Erica
  8474 | Lair:2   | Killed Erica
  8737 | Lair:2   | Noticed Harold
  8758 | Lair:2   | Killed Harold
  8758 | Lair:2   | Reached skill level 10 in Shields
  8925 | Lair:2   | Reached skill level 10 in Invocations
  8967 | Lair:3   | Found a staircase to the Shoals.
  9141 | Lair:3   | Reached skill level 10 in Armour
  9304 | Lair:3   | Reached skill level 11 in Invocations
  9474 | Lair:3   | Reached XP level 12. HP: 110/112 MP: 18/18
  9808 | Lair:3   | Reached ****** piety under Makhleb
 10437 | Lair:4   | Reached skill level 12 in Invocations
 10501 | Lair:4   | Found a hole to the Spider Nest.
 11029 | Lair:4   | Identified a scroll of acquirement
 11030 | Lair:4   | Got a jewelled hat
 11041 | Lair:4   | Identified the +0 hat of Trog's Anger {*Contam rC+ MR++ rCorr} (You acquired it on level 4 of the Lair of Beasts)
 11833 | Lair:5   | Reached skill level 13 in Invocations
 11977 | Lair:5   | Reached skill level 1 in Evocations
 12228 | Lair:5   | Reached XP level 13. HP: 92/122 MP: 19/19
 12365 | Lair:5   | Reached skill level 10 in Fighting
 13036 | Lair:6   | Found a frozen archway.
 13085 | IceCv    | Entered an ice cave
 13263 | IceCv    | Reached skill level 5 in Evocations
 13587 | IceCv    | Noticed a frost giant
 13606 | IceCv    | Killed a frost giant
 14677 | Lair:7   | Gained mutation: You resist negative energy. [Deep Dwarf growth]
 14677 | Lair:7   | Reached XP level 14. HP: 66/133 MP: 19/19
 15117 | Lair:7   | Reached skill level 10 in Long Blades
 15367 | Lair:7   | Got a pair of jewelled boots
 15378 | Lair:7   | Identified the +0 pair of boots of the Dice {+Blink rC+ Dex+2} (You found it on level 7 of the Lair of Beasts)
 15728 | D:10     | Entered Level 10 of the Dungeon
 15728 | D:10     | Found Gulestr Bemn's Armour Shop.
 15728 | D:10     | Noticed Sonja
 15843 | D:10     | Killed Sonja
 15952 | D:10     | Bought a +4 plate armour of poison resistance for 611 gold pieces
 15952 | D:10     | Bought a +2 cloak for 214 gold pieces
 16173 | D:10     | Found a staircase to the Orcish Mines.
 16180 | D:10     | Found a roughly hewn altar of Beogh.
 16263 | D:10     | Found Juzi's Antique Weapon Boutique.
 16271 | D:10     | Bought an encrusted long sword for 170 gold pieces
 16271 | D:10     | Identified the +4 long sword of Arbitration {slice, rC+ Str+3 Int-4} (You bought it in a shop on level 10 of the Dungeon)
 16318 | D:10     | Found Cuguih's Distillery.
 16322 | D:10     | Bought a potion of flight for 45 gold pieces
 16322 | D:10     | Bought a potion of heal wounds for 75 gold pieces
 16457 | D:10     | Found Vopaihynk's Assorted Antiques.
 16643 | D:10     | Found Tiloke's Armour Boutique.
 16843 | Orc:1    | Entered Level 1 of the Orcish Mines
 16843 | Orc:1    | Noticed Gastronok
 16869 | D:10     | Killed Gastronok
 17952 | Orc:3    | Noticed Josephine
 17972 | Orc:3    | Killed Josephine
 17980 | Orc:3    | Noticed an orc warlord
 18036 | Orc:3    | Killed an orc warlord
 18484 | Orc:1    | Noticed Erolcha
 18517 | Orc:1    | Killed Erolcha
 18791 | Orc:4    | Entered Level 4 of the Orcish Mines
 18929 | Orc:4    | Found a staircase to the Elven Halls.
 19022 | Orc:4    | Found a roughly hewn altar of Beogh.
 19199 | Orc:4    | Found an ancient bone altar of Kikubaaqudgha.
 19213 | Orc:4    | Found Lazyitod's Distillery.
 19228 | Orc:4    | Found a radiant altar of Vehumet.
 19256 | Orc:4    | Bought a potion of heal wounds for 60 gold pieces
 19265 | Orc:4    | Noticed a cacodemon
 19275 | Orc:4    | Found a roughly hewn altar of Beogh.
 19275 | Orc:4    | Found Deklodinn's Distillery.
 19288 | Orc:4    | Found Qerrus's Antique Armour Shop.
 19322 | Orc:4    | Bought a potion of heal wounds for 65 gold pieces
 19328 | Orc:4    | Found Woemud's Gadget Boutique.
 19351 | Orc:4    | Bought a crude chain mail for 275 gold pieces
 19631 | Orc:4    | Bought a potion of agility for 48 gold pieces
 19675 | Orc:4    | Identified the +11 chain mail of Incorporation {*Corrode rElec Stlth+} (You bought it in a shop on level 4 of the Orcish Mines)
 20151 | Lair:8   | Entered Level 8 of the Lair of Beasts
 20151 | Lair:8   | Found a staircase to the Slime Pits.
 20429 | Lair:8   | Reached XP level 15. HP: 131/142 MP: 19/19
 20694 | Lair:8   | Got a heavily runed scale mail
 20707 | Lair:8   | Identified the cursed +0 scale mail of the Many Wars {rPois Regen+ rCorr} (You found it on level 8 of the Lair of Beasts)
 20987 | Lair:8   | Reached skill level 14 in Shields
 21611 | D:9      | Learned a level 2 spell: Corpse Rot
 21773 | D:11     | Found an opulent altar of Gozag.
 22071 | D:11     | Found a radiant altar of Vehumet.
 22802 | D:12     | Found Hufyfani's Magic Scroll Shoppe.
 22819 | D:12     | Bought a scroll of identify for 32 gold pieces
 22819 | D:12     | Bought a scroll of teleportation for 48 gold pieces
 22819 | D:12     | Bought a scroll of magic mapping for 56 gold pieces
 22819 | D:12     | Bought a scroll of blinking for 120 gold pieces
 23927 | D:13     | Found a gate to the Vaults.
 24985 | D:15     | Entered Level 15 of the Dungeon
 25270 | D:15     | Found a staircase to the Depths.
 25500 | D:15     | Found Lopanute's Assorted Antiques.
 25802 | D:15     | Found a one-way gate to the infinite horrors of the Abyss.
 26305 | Spider:1 | Entered Level 1 of the Spider Nest
 26349 | Spider:1 | Reached XP level 16. HP: 148/154 MP: 18/18
 26526 | Spider:1 | HP: 6/154 [trapdoor spider[a torpor snail] (6)]
 26871 | Spider:1 | Reached skill level 1 in Staves
 27953 | Spider:2 | Reached skill level 5 in Staves
 28587 | Spider:3 | Noticed Arachne
 28598 | Spider:3 | Killed Arachne
 28861 | Spider:4 | Entered Level 4 of the Spider Nest
 28861 | Spider:4 | Noticed Nikola
 28871 | Spider:4 | Killed Nikola
 29224 | Shoals:1 | Entered Level 1 of the Shoals
 29235 | Lair:3   | Learned a level 1 spell: Summon Butterflies
 29237 | Lair:3   | Learned a level 1 spell: Apportation
 29481 | Shoals:1 | Noticed Donald
 29495 | Shoals:1 | Killed Donald
 29504 | Shoals:1 | Noticed Kirke
 29512 | Shoals:1 | Killed Kirke
 30512 | D:12     | Bought a scroll of enchant weapon for 120 gold pieces
 30512 | D:12     | Bought 3 scrolls of identify for 96 gold pieces
 30512 | D:12     | Bought a scroll of identify for 32 gold pieces
 30512 | D:12     | Bought a scroll of enchant armour for 120 gold pieces
 30685 | Elf:1    | Entered Level 1 of the Elven Halls
 30750 | Elf:1    | Reached skill level 10 in Staves
 30828 | Elf:1    | Reached XP level 17. HP: 79/162 MP: 11/11
 31113 | Elf:1    | Got a pitted trident
 31783 | Elf:2    | Got a dazzling broad axe
 32098 | Elf:2    | Found a runed gate.
 32098 | Elf:2    | Found a runed gate.
 32102 | Elf:2    | Found a runed gate.
 32215 | Elf:2    | Identified the +3 trident "Ameow" {pierce, rPois Str+2} (You found it on level 1 of the Elven Halls)
 32216 | Elf:2    | Identified the +9 broad axe of Kiseew {vamp, Int+4} (You found it on level 2 of the Elven Halls)
 32638 | Elf:3    | Entered Level 3 of the Elven Halls
 32796 | Elf:3    | Found Pauchoerph's Book Boutique.
 33605 | Elf:3    | Noticed a Brimstone Fiend
 34141 | Elf:3    | Noticed a Hell Sentinel
 34148 | Elf:3    | Gained mutation: You passively map a large area around you. [Deep Dwarf growth]
 34148 | Elf:3    | Reached XP level 18. HP: 49/170 MP: 7/7
 34424 | Orc:4    | Bought a potion of ambrosia for 96 gold pieces
 34922 | Elf:3    | Reached skill level 10 in Evocations
 35205 | Elf:3    | Got a steaming hand crossbow
 35308 | Elf:3    | Got a crystal mace
 35312 | Elf:3    | Identified the Grimoire of the Glacier (You found it on level 3 of the Elven Halls)
 35330 | Elf:3    | Identified the +2 hand crossbow of Pefywkub {penet, rC- rN+ Str+3 Dex+4 Stlth-} (You found it on level 3 of the Elven Halls)
 35331 | Elf:3    | Identified the +8 mace of Qalloli {elec, Int+2} (You found it on level 3 of the Elven Halls)
 35365 | Elf:3    | Learned a level 3 spell: Vampiric Draining
 36286 | Spider:3 | Got a polished scale mail
 36287 | Spider:3 | Identified the +3 scale mail of Trumpets {-Tele Str+2 Stlth+} (You found it on level 3 of the Spider Nest)
 36901 | Spider:4 | Reached skill level 15 in Armour
 37596 | Spider:4 | Noticed Asterion
 37615 | Spider:4 | Killed Asterion
 37672 | Spider:4 | Got a gossamer rune of Zot
 38066 | Shoals:2 | Got a ripped robe
 38252 | Shoals:2 | Found Qorrah's Book Shoppe.
 38543 | Shoals:3 | Got a warped plate armour
 38597 | Shoals:3 | Identified the +8 plate armour "Susk" {rF+ Regen+ Stlth-} (You found it on level 3 of the Shoals)
 38598 | Shoals:3 | Identified the +1 robe "Ennucoka" {rElec Int+2 Dex+4} (You found it on level 2 of the Shoals)
 39877 | Shoals:2 | Found Xusakuce's Antique Armour Shop.
 39886 | Shoals:2 | Bought a polished ring mail for 270 gold pieces
 40157 | Shoals:4 | Entered Level 4 of the Shoals
 40177 | Shoals:4 | Reached skill level 1 in Crossbows
 40261 | Shoals:4 | Noticed Jorgrun
 40300 | Shoals:4 | Noticed Polyphemus
 40312 | Shoals:4 | Killed Jorgrun
 40318 | Shoals:4 | Reached XP level 19. HP: 162/182 MP: 0/5
 40342 | Shoals:4 | Killed Polyphemus
 40342 | Shoals:4 | Reached skill level 15 in Staves
 40907 | Shoals:4 | Identified the Grimoire of Ignition and Attacks
 41273 | Shoals:4 | Noticed Louise
 41285 | Shoals:4 | Killed Louise
 41285 | Shoals:4 | Reached skill level 16 in Armour
 41307 | Shoals:4 | Noticed Ilsuiw
 41321 | Shoals:4 | Killed Ilsuiw
 41410 | Shoals:4 | Got a bound jade ring
 41411 | Shoals:4 | Identified the ring "Sixkuv" {rElec rF+ Slay+3} (You found it on level 4 of the Shoals)
 41879 | Shoals:4 | Got a barnacled rune of Zot
 42179 | Lair:3   | Identified the +1 ring mail of Inquiry {Str+6 Dex+4} (You bought it in a shop on level 2 of the Shoals)
 42503 | Depths:1 | Entered Level 1 of the Depths
 42514 | Depths:1 | Reached skill level 15 in Fighting
 42522 | Depths:1 | Reached skill level 5 in Crossbows
 43023 | Depths:1 | Found a gateway to Hell.
 43530 | Depths:1 | Reached skill level 10 in Crossbows
 43530 | Depths:1 | Reached XP level 20. HP: 194/194 MP: 4/4
 43812 | Depths:2 | Found a one-way gate leading to the halls of Pandemonium.
 44025 | Depths:2 | Noticed a caustic shrike
 44027 | Depths:2 | Noticed a juggernaut
 44050 | Depths:2 | Killed a juggernaut
 44127 | Depths:2 | Noticed a juggernaut
 44129 | Depths:2 | Noticed a juggernaut
 44143 | Depths:2 | Killed a juggernaut
 44168 | Depths:2 | Killed a juggernaut
 44293 | Depths:2 | Killed a caustic shrike
 44930 | Depths:3 | Found a gateway to a ziggurat.
 44944 | Depths:3 | Reached skill level 17 in Armour
 45321 | Depths:3 | Noticed a caustic shrike
 45335 | Depths:3 | Killed a caustic shrike
 45459 | Depths:3 | Reached XP level 21. HP: 204/204 MP: 5/5
 45487 | Depths:3 | Got a pitted buckler
 45506 | Depths:3 | Identified the cursed +0 buckler "Xiahilula" {Int+2 Dex+2} (You found it on level 3 of the Depths)
 46657 | Depths:4 | Noticed Xtahua
 46666 | Depths:4 | Killed Xtahua
 46780 | Depths:4 | Found a large runed door.
 46784 | Depths:4 | Found a large runed door.
 47112 | Depths:4 | Found a large runed door.
 47116 | Depths:4 | Found a large runed door.
 47311 | Depths:3 | Reached skill level 18 in Armour
 47764 | Depths:4 | Identified the Almanac of Damage Dealing and Feathers
 47770 | Depths:4 | Found Xoryqus's Serpentskin Sales.
 47791 | Depths:4 | Found a corrupted altar of Lugonu.
 47890 | Depths:4 | Found a large runed door.
 47894 | Depths:4 | Found a large runed door.
 47953 | Depths:4 | Found a large runed door.
 47957 | Depths:4 | Found a large runed door.
 48292 | Depths:5 | Entered Level 5 of the Depths
 48362 | Depths:5 | Noticed a juggernaut
 48397 | Depths:5 | Annihilated by a juggernaut

Action                   |  1- 3 |  4- 6 |  7- 9 | 10-12 | 13-15 | 16-18 | 19-21 || total
-------------------------+-------+-------+-------+-------+-------+-------+-------++-------
Melee: Flail             |   160 |    36 |       |       |       |       |       ||   196
       Whip              |       |   181 |       |       |       |       |       ||   181
       Long sword        |       |    37 |   420 |   946 |  2711 |   456 |       ||  4570
       Lajatang          |       |       |       |       |       |  1861 |  2192 ||  4053
Throw: Stone             |    10 |     4 |    10 |       |       |       |       ||    24
       Throwing net      |       |     2 |     1 |     1 |       |       |       ||     4
       Javelin           |       |       |       |       |       |       |    21 ||    21
       Tomahawk          |       |       |       |       |       |       |     2 ||     2
Invok: Minor Destruction |       |       |       |     1 |       |     7 |       ||     8
       Greater Servant o |       |       |       |       |     7 |    17 |     6 ||    30
       Lesser Servant of |       |       |       |       |     6 |    18 |     6 ||    30
       Major Destruction |       |       |       |       |     1 |     2 |       ||     3
 Abil: Device Recharging |       |       |     1 |     2 |     4 |    16 |     5 ||    28
       Evoke Blink       |       |       |       |       |       |     1 |     3 ||     4
Evoke: Wand              |       |     4 |     5 |     6 |    30 |    73 |    23 ||   141
       Box of beasts     |       |       |       |       |       |     1 |       ||     1
  Use: Scroll            |       |     8 |     9 |    10 |    16 |    35 |    13 ||    91
       Potion            |       |       |     3 |     2 |     6 |    16 |    16 ||    43
 Stab: Held in net/web   |       |       |     1 |     3 |       |       |       ||     4
       Distracted        |       |       |       |     1 |     7 |    12 |     5 ||    25
       Invisible         |       |       |       |       |       |     2 |       ||     2
  Eat: Chunk             |       |     8 |     7 |    12 |    11 |    16 |     5 ||    59
       Bread ration      |       |       |     1 |     1 |     3 |     8 |       ||    13
       Meat ration       |       |       |       |     1 |     2 |       |     4 ||     7
       Pizza             |       |       |       |       |     1 |     1 |     1 ||     3
       Fruit             |       |       |       |       |     1 |       |     1 ||     2
       Beef jerky        |       |       |       |       |     7 |       |       ||     7
       Royal jelly       |       |       |       |       |     6 |     3 |     1 ||    10
